Map: Snowbound Colony

Players

Raynar - Winner!

  • Race: Protoss Protoss
  • Spawn Location: 6:00

TNF - Winner!

  • Race: Protoss Protoss
  • Spawn Location: 7:00

Throwfordays - Winner!

  • Race: Zerg Zerg
  • League: Silver
  • Spawn Location: 7:00

VOD

Have the link to the VOD?

Description

Time

  • Played on: April 27, 2019, 12:19 p.m.
  • Length: 17:07
Show
View Real Time Build Order
Export as new Build Order

Raynar Protoss - Winner!

Build Orders:  

Get SALT Encoding   

  1  0:00  Probe (Chrono Boost)  
  13  0:10  Probe (Chrono Boost)  
  14  0:26  Pylon  
  14  0:34  Probe (Chrono Boost)  
  15  0:52  Gateway  
  15  0:56  Probe (Chrono Boost)  
  16  1:14  Probe (Chrono Boost)  
  17  1:20  Assimilator  
  17  1:26  Probe (Chrono Boost)  
  18  1:37  Probe (Chrono Boost)  
  19  1:51  Probe (Chrono Boost)  
  20  2:00  Zealot  
  20  2:08  Probe (Chrono Boost)  
  23  2:17  Cybernetics Core  
  23  2:49  Pylon  
  23  2:59  Pylon  
  23  3:08  Nexus  
  23  3:13  Probe (Chrono Boost)  
  23  3:15  Pylon  
  24  3:25  Probe (Chrono Boost)  
  25  3:37  Probe (Chrono Boost)  
  26  3:43  Assimilator  
  26  3:54  Probe (Chrono Boost)  
  30  4:10  Probe (Chrono Boost)  
  30  4:27  Probe (Chrono Boost)  
  31  4:30  Warp Gate  
  31  4:41  Forge  
  31  4:43  Unknown  
  31  4:44  Probe (Chrono Boost)  
  31  4:45  Pylon  
  34  4:54  Probe (Chrono Boost)  
  35  5:05  Probe (Chrono Boost)  
  36  5:12  Shield Battery  
  36  5:19  Probe (Chrono Boost)  
  36  5:25  Unknown  
  36  5:26  Gateway  
  37  5:36  Probe (Chrono Boost)  
  38  5:41  Gateway x2  
  38  5:47  Protoss Ground Weapons Level 1  
  38  5:51  Unknown  
  38  5:53  Probe (Chrono Boost)  
  39  6:11  Probe (Chrono Boost)  
  40  6:22  Probe (Chrono Boost)  
  40  6:24  Sentry  
  40  6:29  Twilight Council  
  43  6:33  Robotics Facility  
  43  6:34  Probe (Chrono Boost)  
  43  6:39  Pylon  
  45  6:51  Probe (Chrono Boost)  
  45  7:01  Adept x2  
  45  7:03  Zealot x2  
  45  7:08  Probe (Chrono Boost)  
  54  7:25  Probe (Chrono Boost)  
  55  7:42  Probe (Chrono Boost)  
  56  7:59  Probe (Chrono Boost)  
  57  8:00  Photon Cannon x2  
  57  8:08  Pylon  
  57  8:11  Shield Battery  
  57  8:16  Zealot x2, Probe (Chrono Boost)  
  57  8:18  Stalker x2  
  66  8:30  Assimilator, Probe (Chrono Boost)  
  66  8:33  Immortal  
  66  8:36  Probe (Chrono Boost)  
  68  8:40  Assimilator  
  68  8:42  Probe (Chrono Boost)  
  73  8:53  Probe x2 (Chrono Boost)  
  75  9:09  Protoss Ground Weapons Level 2  
  77  9:10  Sentry, Probe x2 (Chrono Boost)  
  77  9:12  Zealot x2  
  77  9:13  Adept  
  85  9:26  Unknown  
  85  9:27  Probe (Chrono Boost)  
  86  9:34  Warp Prism  
  76  10:46  Charge  
  70  11:47  Stalker x4  
  76  12:31  Stalker  
  76  12:32  Stalker  
  76  12:33  Zealot x2  
  82  12:51  Pylon  
  82  12:54  Pylon x2  
  82  13:21  Adept x2  
  82  13:22  Adept x2  
  88  14:30  Zealot x4  
  92  15:05  Immortal  
  92  15:27  Stalker  
  92  15:28  Stalker x3  
  100  15:46  Immortal  
  102  16:15  Adept x2  
  102  16:17  Stalker  
  102  16:18  Stalker  
  110  16:48  Pylon  
  110  16:50  Pylon  
  110  16:51  Pylon  
  110  16:53  Pylon  
Show
View Real Time Build Order
Export as new Build Order

TNF Protoss - Winner!

Build Orders:  

Get SALT Encoding   

  12  0:07  Probe (Chrono Boost)  
  13  0:29  Probe (Chrono Boost)  
  14  0:47  Probe (Chrono Boost)  
  15  0:55  Pylon  
  15  1:05  Assimilator  
  15  1:14  Assimilator  
  15  1:23  Probe (Chrono Boost)  
  15  1:26  Pylon  
  16  1:38  Forge  
  16  1:48  Gateway  
  16  2:05  Gateway  
  16  2:42  Pylon  
  16  3:04  Photon Cannon  
  16  3:16  Cybernetics Core  
  16  3:38  Nexus  
  16  3:52  Pylon  
  16  4:24  Probe (Chrono Boost)  
  17  4:38  Zealot  
  20  4:40  Stalker  
  20  4:41  Probe (Chrono Boost)  
  22  4:58  Probe (Chrono Boost)  
  23  5:05  Photon Cannon  
  23  5:15  Probe (Chrono Boost)  
  23  5:19  Photon Cannon  
  26  5:28  Probe (Chrono Boost)  
  29  5:32  Probe (Chrono Boost)  
  30  5:45  Probe (Chrono Boost)  
  31  5:58  Unknown  
  31  6:02  Probe (Chrono Boost)  
  31  6:04  Unknown  
  31  6:07  Protoss Shields Level 1  
  31  6:08  Photon Cannon  
  32  6:20  Photon Cannon  
  32  6:55  Photon Cannon  
  32  7:02  Photon Cannon  
  32  7:14  Shield Battery  
  32  7:21  Shield Battery  
  32  7:29  Photon Cannon  
  32  7:38  Photon Cannon  
  30  8:17  Probe (Chrono Boost)  
  31  8:29  Stalker  
  33  8:32  Stalker  
  33  8:34  Probe (Chrono Boost)  
  37  8:51  Probe (Chrono Boost)  
  37  9:01  Assimilator  
  37  9:07  Protoss Ground Weapons Level 1  
  37  9:08  Probe (Chrono Boost)  
  38  9:10  Assimilator  
  42  9:25  Probe (Chrono Boost)  
  43  9:33  Stargate  
  41  9:42  Stargate, Probe (Chrono Boost)  
  42  9:52  Unknown, Zealot  
  42  9:56  Unknown, Zealot  
  42  9:59  Probe (Chrono Boost)  
  47  10:16  Probe (Chrono Boost)  
  48  10:39  Robotics Facility  
  52  11:04  Probe (Chrono Boost)  
  53  11:12  Unknown  
  53  11:16  Unknown  
  54  11:21  Probe (Chrono Boost)  
  54  11:38  Probe (Chrono Boost)  
  55  11:55  Probe (Chrono Boost)  
  56  12:07  Protoss Ground Armor Level 1  
  56  12:12  Probe (Chrono Boost)  
  57  13:00  Fleet Beacon  
  57  13:10  Immortal  
  61  13:43  Pylon  
  61  13:48  Pylon  
  61  13:51  Pylon  
  61  13:59  Pylon  
  61  14:03  Pylon  
  61  14:07  Pylon  
  61  14:08  Void Ray, Stalker x2  
  69  14:13  Void Ray  
  73  14:57  Stalker  
  77  15:08  Tempest  
  82  15:21  Tempest  
  87  15:36  Unknown  
Show
View Real Time Build Order
Export as new Build Order

Throwfordays Zerg - Winner!

Build Orders:  

Get SALT Encoding   

  12  0:03  Drone  
  13  0:18  Overlord  
  13  0:25  Drone  
  14  0:39  Extractor  
  13  0:41  Extractor  
  13  0:42  Drone x2  
  16  1:16  Hatchery  
  16  1:19  Drone  
  16  1:25  Drone  
  17  1:31  Drone  
  17  1:38  Extractor  
  17  1:59  Spawning Pool  
  16  2:04  Drone x2  
  18  2:14  Drone  
  19  2:28  Extractor, Drone  
  19  2:38  Overlord  
  19  2:51  Drone  
  19  2:57  Drone  
  21  3:06  Queen  
  23  3:10  Queen  
  23  3:15  Drone  
  26  3:20  Drone  
  27  3:33  Drone  
  27  3:37  Drone  
  29  3:45  Drone x2  
  31  3:57  Zergling x2  
  32  4:09  Drone  
  33  4:15  Zergling x2  
  33  4:19  Metabolic Boost  
  34  4:21  Zergling x2  
  34  4:28  Drone  
  36  4:32  Overlord  
  36  4:33  Lair  
  36  4:36  Overlord  
  36  4:47  Overlord  
  36  4:50  Overlord  
  36  5:03  Drone x2  
  36  5:04  Drone x2  
  36  5:09  Drone x2  
  42  5:19  Drone  
  43  5:39  Baneling Nest  
  42  5:41  Roach Warren, Drone  
  42  5:42  Drone  
  42  5:45  Zergling x6  
  46  5:54  Drone x2  
  46  5:55  Drone x2  
  50  6:18  Evolution Chamber  
  49  6:45  Evolution Chamber  
  48  6:50  Roach x5  
  48  6:54  Drone  
  48  6:56  Drone x3  
  48  6:57  Drone x2  
  64  7:03  Extractor  
  64  7:04  Extractor  
  64  7:08  Centrifical Hooks  
  62  7:12  Glial Reconstitution  
  62  7:15  Zerg Missile Weapons Level 1  
  62  7:21  Zerg Melee Weapons Level 1  
  62  7:30  Drone x2  
  62  7:34  Pneumatized Carapace  
  64  7:40  Baneling x3  
  64  7:41  Baneling x2  
  64  8:22  Drone x3  
  64  8:28  Overlord x3  
  67  8:54  Drone  
  67  8:55  Drone x2  
  67  8:58  Hatchery  
  69  9:02  Tunneling Claws  
  69  9:07  Roach x3  
  69  9:08  Roach  
  77  9:16  Burrow  
  77  9:28  Spire  
  76  10:00  Extractor  
  68  11:40  Drone  
  68  11:41  Drone x2  
  68  11:43  Queen  
  69  11:50  Drone x4  
  69  11:51  Drone x2  
  73  12:16  Drone x2  
  73  12:17  Drone x3  
  78  12:24  Spire  
  77  12:30  Infestation Pit  
  77  12:32  Extractor, Zerg Flyer Weapons Level 1  
  77  12:36  Zerg Melee Weapons Level 2, Zerg Missile Weapons Level 2  
  75  13:18  Drone x2  
  77  13:29  Mutalisk x2  
  81  13:30  Mutalisk x3  
  81  13:34  Mutalisk  
  81  13:37  Mutalisk  
  81  13:38  Mutalisk x3  
  97  13:44  Overlord x3  
  97  14:11  Hatchery  
  96  14:22  Mutalisk x5  
  96  14:27  Mutalisk x3  
  112  14:37  Mutalisk x3  
  118  14:57  Extractor  
  117  15:07  Extractor  
  116  15:57  Hive  
  116  16:11  Mutalisk x5  
  126  16:22  Overlord  
  126  16:23  Overlord x5  
Tags
 
League
Silver
Matchup
Co-op
Replay Pack
Multiplayer
Add a new tag
Caveats
  • Supply blocks, unpowered buildings, or Contaminate may cause inaccurate times.
  • Supply counts are checked every 10 seconds.